[Event "*** Titled Tuesday Blitz"]
[Site "Chess.com"]
[Date "2020.04.14"]
[Round "2"]
[White "DanielDardha2005"]
[Black "rpragchess"]
[Result "1/2-1/2"]
[WhiteElo "2557"]
[BlackElo "2775"]
[TimeControl "180+1"]
[EndTime "10:18:36 PDT"]
[Termination "Game drawn by stalemate"]

1. Nf3 Nf6 2. c4 b6 3. g3 Bb7 4. Bg2 c5 5. O-O g6 6. Nc3 Bg7 7. d4 cxd4 8. Nxd4 Bxg2 9. Kxg2 O-O 10. e4 d6 11. b3 Qc8 12. f3 Nc6 13. Be3 Qb7 14.
Rc1 Rac8 15. Qd2 Rfe8 16. Nxc6 Rxc6 17. Nd5 Nd7 18. Bg5 Nc5 19. Bh6 Bh8 20. h4 e6 21. Nc3 a6 22. h5 b5 23. cxb5 axb5 24. hxg6 fxg6 25. Bf4 Rec8 26. Ne2 Be5 27. Bxe5 dxe5 28.
Rfd1 Kg7 29. Rh1 h5 30. g4 Qd7 31. Qg5 Qd8 32. Qxe5+ Qf6 33. Qxf6+ Kxf6 34. gxh5 gxh5 35. Rxh5 Nd3 36. Rxc6 Rxc6 37. Nd4 Rc1 38. Rxb5 e5 39. Rb6+ Kf7 40. Nf5 Rc2+ 41. Kg3 Rxa2 42. b4 Ra3 43. Rb7+ Ke6 44. b5 Nc5 45. Re7+ Kf6 46. Kg4 Rb3 47.
Rc7 Rxb5 48. Rc6+ Ne6 49. f4 Rc5 50. Rd6 exf4 51. Nd4 Re5 52. Nxe6 Rxe6 53. Rxe6+ Kxe6 54. Kxf4 Kf6 55. e5+ Ke6 56. Ke4 Ke7 57. Kf5 Kf7 58.
e6+ Ke7 59. Ke5 Ke8 60. Kd5 Ke7 61. Ke5 Ke8 62. Kd6 Kd8 63. e7+ Ke8 64. Ke6 1/2-1/2

[Event "*** Titled Tuesday Blitz"]
[Site "Chess.com"]
[Date "2020.04.14"]
[Round "2"]
[White "Evgeny81"]
[Black "Tonychess32"]
[Result "0-1"]
[WhiteElo "2709"]
[BlackElo "2557"]
[TimeControl "180+1"]
[EndTime "10:18:36 PDT"]
[Termination "Tonychess32 won on time"]

1. d4 Nf6 2. c4 b6 3. Nf3 Bb7 4. g3 g6 5. Bg2 Ne4 6. O-O Bg7 7. Qc2 f5 8. Ng5 Bxd4 9. Nxe4 fxe4 10. Bxe4 Nc6 11.
Bxg6+ hxg6 12. Qxg6+ Kf8 13. Bh6+ Rxh6 14. Qxh6+ Bg7 15.
Qf4+ Kg8 16. Nc3 e5 17. Qg4 Nd4 18. Nd5 c6 19. Nc3 Qf6 20. Qxd7 Qf7 21. Qxf7+ Kxf7 22. Ne4 Nxe2+ 23. Kg2 Ke7 24. Rfe1 Nd4 25. c5 Rf8 26.
Rad1 Bc8 27. Nd6 Be6 28. f4 Bd5+ 29. Kf2 Kd7 30. b4 exf4 31. gxf4 Rxf4+ 32. Kg3 Rf3+ 33. Kg4 Rf2 34. Re8 Rg2+ 35. Kf4 Bh6+ 36. Ke5 Nf3+ 37.
Kf6 Bg7+ 38. Kf5 Nh4+ 39. Kf4 Bh6+ 40. Ke5 Re2+ 41. Kf6 Rxe8 42. Nxe8 Kxe8 43. cxb6 axb6 44. b5 Kd7 45. bxc6+ Kxc6 46. Re1 Nf3 47. Rf1 Nxh2 48. Re1 Ng4+ 49. Kg6 Bd2 50. Re2 Bb4 51. Rc2+ Bc5 52. Kg5 Ne3 53. Rc3 Nc4 54. Rd3 Nd6 55. Rd1 Ne4+ 56.
Kf5 Nc3 57. Rd2 Be4+ 58. Kf4 Bd5 59. Rc2 Nb5 60. a4 Nd4 0-1

[Event "*** Titled Tuesday Blitz"]
[Site "Chess.com"]
[Date "2020.04.14"]
[Round "2"]
[White "Volodar_Murzin"]
[Black "SanchezKelvin"]
[Result "0-1"]
[WhiteElo "2673"]
[BlackElo "2431"]
[TimeControl "180+1"]
[EndTime "10:18:37 PDT"]
[Termination "SanchezKelvin won by resignation"]

1. d4 Nf6 2. Nf3 g6 3. Bg5 Bg7 4. Nbd2 d5 5. e3 O-O 6. Bd3 Bg4 7. h3 Bxf3 8. gxf3 c6 9. f4 Qb6 10. Rb1 Nbd7 11. c3 c5 12. O-O Qe6 13. Kh2 cxd4 14.
cxd4 Rac8 15. Qf3 Nb6 16. Rfc1 Rxc1 17. Rxc1 Rc8 18. Qd1 h6 19. Bh4 Rxc1 20. Qxc1 Qc8 21. Qb1 e6 22. Nf3 Nc4 23. b3 Nd6 24. Ne5 Nf5 25. Bxf6 Bxf6 26. Qb2 Qc7 27. Qd2 Kg7 28. Kg1 Nh4 29. Kf1 Bxe5 30. fxe5 Qe7 31. Ke2 Qg5 32. Kd1 Qg1+ 33. Kc2 Nf3 34. Qe2 Ne1+ 35. Kd2 Nxd3 36.
Kxd3 Qb1+ 37. Kc3 Qc1+ 38. Kd3 Qb1+ 39. Kc3 Qc1+ 40. Qc2 Qe1+ 41. Kb2 g5 42. a4 Qg1 43. Ka3 h5 44. Qc7 g4 45. Qxb7 gxh3 46. Qe7 Qa1+ 47.
Kb4 Qg1 48. Qf6+ Kg8 49. Qd8+ Kh7 50. Qf6 Qg6 51. Qh4 Qf5 52. Qf6 Qxf6 53. exf6 h2 54. a5 h1=Q 55. a6 Qc1 56. Kb5 Qc7 0-1

[Event "*** Titled Tuesday Blitz"]
[Site "Chess.com"]
[Date "2020.04.14"]
[Round "2"]
[White "Muracle"]
[Black "PavelChernomordik"]
[Result "1/2-1/2"]
[WhiteElo "2682"]
[BlackElo "2432"]
[TimeControl "180+1"]
[EndTime "10:18:38 PDT"]
[Termination "Game drawn - insufficient material"]

1. e4 g6 2. d4 Bg7 3. Nc3 d6 4. Be3 a6 5. f4 b5 6. Nf3 Bb7 7. e5 b4 8. Na4 Nh6 9. Bc4 O-O 10. Qd2 c5 11. dxc5 Bxf3 12. gxf3 dxe5 13. fxe5 Nf5 14. f4 Nxe3 15. Qxe3 Nc6 16. Nb6 Ra7 17. Bd5 Rc7 18. O-O-O Qe8 19. h4 e6 20. Be4 h5 21. Rd6 Ne7 22. Rhd1 Bh6 23. Nd7 Rxd7 24. Rxd7 Nd5 25. R7xd5 exd5 26. Bxd5 Qe7 27. Qe4 Kg7 28. c6 Qxh4 29.
Rf1 g5 30. Qxb4 Qh3 31. Rg1 Qe3+ 32. Kd1 Qxg1+ 33. Ke2 Qh2+ 34. Kd3 gxf4 35. c7 Qh3+ 36. Kc4 Rc8 37. Qd6 Qf5 38. Bb7 Rxc7+ 39. Qxc7 f3 40. Bxf3 Qxf3 41. Kc5 Qe3+ 42. Kd6 Bf4 43.
Qe7 Qxe5+ 44. Qxe5+ Bxe5+ 45. Kxe5 h4 46. Kf4 Kf6 47. Kg4 Ke5 48. Kxh4 Ke4 49. c4 Kd4 50. b3 Ke4 51. Kg5 f5 52. c5 Kd5 53. Kxf5 Kxc5 54. Ke4 Kb4 55. Kd4 a5 56. Kd5 a4 57. bxa4 Kxa4 58.
Kc4 Ka3 59. Kc3 Kxa2 1/2-1/2

[Event "*** Titled Tuesday Blitz"]
[Site "Chess.com"]
[Date "2020.04.14"]
[Round "2"]
[White "JulAnt"]
[Black "Jagerrmeisterr"]
[Result "1-0"]
[WhiteElo "2452"]
[BlackElo "2682"]
[TimeControl "180+1"]
[EndTime "10:18:39 PDT"]
[Termination "JulAnt won by resignation"]

1. e4 c6 2. d4 d5 3. Nc3 dxe4 4.
Nxe4 Nf6 5. Nxf6+ gxf6 6. c3 Bf5 7. Bf4 e6 8. Bg3 Bd6 9. Bd3 Bg6 10. Ne2 Qc7 11. Qd2 Nd7 12. O-O Bxd3 13. Qxd3 h5 14. c4 h4 15. Bxd6 Qxd6 16. Qf3 f5 17. d5 Ne5 18. Qf4 h3 19. dxe6 O-O-O 20. exf7 hxg2 21.
Rfd1 Nf3+ 22. Kxg2 Qg6+ 23. Kxf3 Qxf7 24. Ng3 Rdf8 25.
Kg2 Qh7 26. Rh1 Qh3+ 27. Kg1 Rhg8 28. Rd1 Re8 29. Qd6 f4 30. Qxf4 Rgf8 31. Qd2 Qg4 32.
Re1 Rxe1+ 33. Qxe1 Rd8 34. Kg2 Qxc4 35. Qe3 Qxa2 36. h4 Qxb2 37. h5 a5 38. h6 a4 39.
h7 a3 40. Qe6+ Kb8 41. Qe7 Rc8 42. Qd6+ Ka8 43. Qc5 a2 44. Qa5+ Kb8 45. h8=Q Rxh8 46. Rxh8+ Qxh8 47. Qxa2 Qe5 48. Qc4 b5 49. Qe4 Qc5 50.
Qe8+ Kb7 51. f4 b4 52. Qe2 Qd4 53. Ne4 b3 54. Kf3 b2 55. Qc2 Qb4 56. Nc3 c5 57.
Kg4 Kc7 58. Kg5 Kd6 59. f5 Qd4 60. Nb5+ Ke5 61. Nxd4 cxd4 62. Qxb2 Ke4 63. Qxd4+ Kxd4 64. f6 Ke5 65. f7 1-0

[Event "*** Titled Tuesday Blitz"]
[Site "Chess.com"]
[Date "2020.04.14"]
[Round "2"]
[White "KobyKalavannan"]
[Black "ambaixador"]
[Result "1-0"]
[WhiteElo "2686"]
[BlackElo "2405"]
[TimeControl "180+1"]
[EndTime "10:18:39 PDT"]
[Termination "KobyKalavannan won on time"]

1. d4 d5 2. Nf3 Nf6 3. g3 e6 4. Bg2 c5 5. c4 dxc4 6. Qa4+ Bd7 7. Qxc4 Qb6 8. O-O Bc6 9. Nc3 Nbd7 10. dxc5 Qxc5 11.
Qd3 Be7 12. a3 Qh5 13. b4 a6 14. Bb2 O-O 15. Rad1 Rfd8 16. Qc2 Ng4 17. h3 Bxf3 18. exf3 Nge5 19. f4 Nc4 20. Bc1 Rab8 21. Rfe1 Nd6 22. g4 Qh4 23. f5 e5 24. Nd5 Bf8 25. Be3 Nf6 26. Nxf6+ gxf6 27. Qe2 Nb5 28. Qb2 Nd6 29. Qb3 Bh6 30. Bb6 Rd7 31. Bc5 Rbd8 32. Bb6 Rc8 33.
Rd3 e4 34. Bxe4 Nxe4 35. Rxd7 Ng5 36. Qg3 Qxg3+ 37. fxg3 Nf3+ 38. Kf2 Nxe1 39. Kxe1 Bc1 40. Bd4 Bxa3 41. Rxb7 Rc6 42. g5 Rc8 43. Bxf6 Re8+ 44. Kd2 Ra8 45. Kc3 a5 46. b5 Bb4+ 47. Kb3 Bd6 48. Ka4 Bxg3 49. b6 Be1 50. Ra7 Rb8 51. b7 Bg3 52. Ra8 Kf8 53. Kb5 Ke8 54. Ka6 Kd7 55.
Ka7 1-0

[Event "*** Titled Tuesday Blitz"]
[Site "Chess.com"]
[Date "2020.04.14"]
[Round "2"]
[White "IMDT02"]
[Black "arjwezhrtdrz"]
[Result "1-0"]
[WhiteElo "2482"]
[BlackElo "2215"]
[TimeControl "180+1"]
[EndTime "10:18:39 PDT"]
[Termination "IMDT02 won on time"]

1. d4 d6 2. Nf3 c6 3. c4 Nf6 4. Nc3 Nbd7 5. Bg5 e5 6. e4 Be7 7. Be2 O-O 8. O-O a5 9. Rc1 exd4 10. Nxd4 Nc5 11. f3 Nh5 12. Be3 Nf6 13. Qd2 Qc7 14.
Rfd1 Re8 15. b3 Bd7 16. Kh1 Rad8 17. Bg5 Bc8 18. Qe1 Ne6 19. Nxe6 Bxe6 20. Be3 Nd7 21.
Qf2 Nc5 22. e5 b6 23. exd6 Bxd6 24. g3 Be7 25. f4 Rxd1+ 26. Rxd1 Rd8 27. Rxd8+ Qxd8 28. Bd4 h6 29. Qe3 Bf6 30. Bxf6 Qxf6 31. Bf3 Bd7 32.
Kg2 Kf8 33. Kf2 Qd6 34. Kg2 Qe7 35. Qd2 Ke8 36. Ne2 Ne4 37. Qd4 Nc5 38. Qxg7 Qe3 39. Qd4 Qe7 40. h4 f6 41. h5 Kf8 42. g4 Ke8 43. Ng3 Kf8 44. Kh3 Kg7 45. Ne4 Nxe4 46. Bxe4 c5 47. Qd3 1-0

[Event "*** Titled Tuesday Blitz"]
[Site "Chess.com"]
[Date "2020.04.14"]
[Round "2"]
[White "johnathan113"]
[Black "dennisodessa"]
[Result "0-1"]
[WhiteElo "2632"]
[BlackElo "2330"]
[TimeControl "180+1"]
[EndTime "10:18:41 PDT"]
[Termination "dennisodessa won on time"]

1. e4 e6 2. d4 d5 3. Nc3 Nc6 4. e5 f6 5. Nf3 fxe5 6. Nxe5 Nxe5 7. dxe5 Bd7 8. Bd3 Qh4 9. O-O Nh6 10. Nb5 Bxb5 11.
Bxb5+ c6 12. Bd3 Ng4 13. Bf4 Bc5 14. Bg3 Qg5 15. Kh1 h5 16. h4 Qe7 17. b4 Bxb4 18. Bg6+ Kd7 19. Rb1 Kc7 20. c4 dxc4 21.
Qd4 b5 22. a4 Rhd8 23. Qe4 a6 24. Bxh5 Nh6 25. Bf3 Rd5 26. Qg6 Nf5 27. Bxd5 cxd5 28.
axb5 axb5 29. Ra1 Rxa1 30. Rxa1 Kb7 31. Qh7 Ba3 32. Qh5 b4 33. Qe2 b3 34. Rb1 Qb4 35. Bf4 Nd4 36. Qg4 c3 37. Qxg7+ Kb6 38. Bg5 c2 39. Bd8+ Kb5 40. Qb7+ Kc4 41. Qc7+ Kd3 42. Re1 Qxe1+ 43. Kh2 c1=Q 44. Bg5 Qxc7 45. Kg3 Ke4 46. Kg4 Kd3 47. f3 Qe3 48. h5 Qexe5 49. f4 Qxf4+ 50. Bxf4 Qg7+ 51. Kh3 Nf5 52. g4 Qh7 53. h6 Nxh6 0-1

[Event "*** Titled Tuesday Blitz"]
[Site "Chess.com"]
[Date "2020.04.14"]
[Round "2"]
[White "Treacherous_horse64"]
[Black "NFChess13"]
[Result "1-0"]
[WhiteElo "2218"]
[BlackElo "2445"]
[TimeControl "180+1"]
[EndTime "10:18:41 PDT"]
[Termination "Treacherous_horse64 won by resignation"]

1. d4 Nf6 2. Nf3 g6 3. Nbd2 d5 4. e3 Bg7 5. b4 O-O 6. c4 a5 7. b5 c6 8. a4 Bf5 9. Be2 Nbd7 10. O-O Re8 11. Bb2 h6 12. Qb3 g5 13. Rfc1 Ne4 14. cxd5 cxd5 15. Qxd5 e6 16. Qxb7 Ndc5 17. dxc5 Bxb2 18.
Nxe4 Rb8 19. Qc6 Rc8 20. Qb7 Rc7 21. Qb6 Bxe4 22. Rd1 Qc8 23. Ra2 Bf6 24. c6 Bd5 25.
Rad2 Rd8 26. Qxa5 g4 27. Ne1 h5 28. Qb4 Be7 29. Qb2 Qb8 30. Qc2 f5 31. Bc4 Be4 32. Bd3 Bd5 33. Bc4 Be4 34. Qb3 Bd5 35. Bxd5 exd5 36.
Rxd5 Kg7 37. Rd7 Rdxd7 38. Rxd7 Qd8 39. Rxd8 Bxd8 40. Qd5 Bf6 41. Qd6 Ra7 42. c7 Rxa4 43. Qd7+ Kh6 44. c8=Q Ra1 45. Qf8+ Kg5 46. Qg8+ Kh4 47. g3+ Kh3 48. Kf1 Bc3 49. Ke2 Ra2+ 50. Kd3 Rd2+ 51. Kxc3 Rxd7 52. Qg5 Rc7+ 53. Kd3 Rd7+ 54.
Kc4 Rc7+ 55. Kb4 1-0

[Event "*** Titled Tuesday Blitz"]
[Site "Chess.com"]
[Date "2020.04.14"]
[Round "2"]
[White "GMBenjaminBok"]
[Black "AlexVanGog"]
[Result "1-0"]
[WhiteElo "2881"]
[BlackElo "2567"]
[TimeControl "180+1"]
[EndTime "10:18:43 PDT"]
[Termination "GMBenjaminBok won by resignation"]

1. c4 g6 2. d4 Bg7 3. Nf3 Nf6 4.
g3 O-O 5. Bg2 d6 6. Nc3 Nbd7 7.
O-O c6 8. b3 a6 9. Bb2 Rb8 10.
Qc2 b5 11. Rac1 bxc4 12. bxc4 a5 13. Nd2 Qc7 14. Rfd1 Ba6 15. e3 Rfc8 16. Ba1 Nb6 17. c5 dxc5 18. dxc5 Nbd7 19. Nce4 Nxe4 20. Nxe4 Bxa1 21.
Rxa1 Nf8 22. Qc3 Rd8 23. Nd2 Rd3 24. Qc2 Rdd8 25. Nb3 Ne6 26. Qc3 a4 27. Nd4 Nxd4 28.
exd4 Bb5 29. h4 h5 30. d5 cxd5 31. Bxd5 e6 32. Bf3 Bc6 33. Bxc6 Qxc6 34. Rxd8+ Rxd8 35. Rb1 Rc8 36. Rc1 Rd8 37. a3 Rc8 38. Rd1 Kh7 39. Qf6 Kg8 40. Rd8+ Rxd8 41. Qxd8+ Kg7 42. Qb6 Qf3 43. c6 Qxa3 44. c7 Qc1+ 45. Kg2 a3 46. Qd4+ Kh7 47. Qd7 a2 48. Qxf7+ Kh6 49. Qf8+ Kh7 50.
c8=Q Qxc8 51. Qxc8 a1=Q 52. Qxe6 Qa8+ 53. Kh2 Qb8 54.
Qf7+ Kh6 55. Kg2 Qa8+ 56. Qf3 Qb8 57. Qf4+ Qxf4 58. gxf4 Kg7 59. f5 gxf5 60. Kg3 Kf7 61. Kf4 Kf6 62. f3 Kg6 63. Ke5 f4 64. Kxf4 Kf6 65. Ke4 Ke6 66. f4 Kf6 67. f5 Kf7 68. Ke5 Ke7 69. f6+ Kf7 70. Kf5 Kf8 71. Kg6 Ke8 72. Kxh5 Kd7 73. Kg6 Kd6 74. f7 1-0

[Event "*** Titled Tuesday Blitz"]
[Site "Chess.com"]
[Date "2020.04.14"]
[Round "2"]
[White "Igrok3069"]
[Black "nonscitis"]
[Result "1-0"]
[WhiteElo "2528"]
[BlackElo "2674"]
[TimeControl "180+1"]
[EndTime "10:18:43 PDT"]
[Termination "Igrok3069 won by resignation"]

1. d4 Nf6 2. c4 g6 3. f3 Bg7 4.
e4 O-O 5. Nc3 c6 6. Bg5 d5 7. e5 Ne8 8. f4 Nc7 9. Nf3 Bg4 10. h3 Bxf3 11. Qxf3 Ne6 12. cxd5 Nxg5 13. fxg5 cxd5 14. Nxd5 Nc6 15. O-O-O e6 16. Nf6+ Bxf6 17.
gxf6 Nxd4 18. Qe4 Rc8+ 19. Kb1 Nb3 20. Bd3 Rc1+ 21. Rxc1 Nd2+ 22. Ka1 Nxe4 23. Bxe4 Qd4 24. Bxb7 Qxe5 25. Rhf1 Rb8 26. Rc2 h5 27. Bc6 Rd8 28.
a3 Rd3 29. Ka2 Re3 30. Bf3 Qxf6 31. Rc7 Qe5 32. Rfc1 Kg7 33. Rxa7 Rd3 34. Rcc7 Qf6 35. a4 Rd2 36. Rab7 g5 37. a5 g4 38. hxg4 hxg4 39.
Rxf7+ Qxf7 40. Rxf7+ Kxf7 41. Be4 Ke7 42. a6 Rd6 43.
Bb7 Rd4 44. Ka3 Rd3+ 45. b3 Rd1 46. Ka2 Rd2+ 47. Ka3 Rd1 48. Kb4 Ra1 49. Kb5 Ra3 50. b4 Kd6 51. Kb6 Ra4 52. b5 e5 53. a7 Rxa7 54.
Kxa7 Kc5 55. b6 e4 56. Bxe4 Kd4 57. Bf5 g3 58. Bh3 Ke5 59. b7 Kf4 60. b8=Q+ Ke3 61. Qxg3+ 1-0

[Event "*** Titled Tuesday Blitz"]
[Site "Chess.com"]
[Date "2020.04.14"]
[Round "2"]
[White "BojanR1"]
[Black "Jadro9"]
[Result "0-1"]
[WhiteElo "2329"]
[BlackElo "2688"]
[TimeControl "180+1"]
[EndTime "10:18:43 PDT"]
[Termination "Jadro9 won by resignation"]

1. d4 Nf6 2. c4 e6 3. Nf3 d5 4.
Nc3 a6 5. Bg5 dxc4 6. a4 Nc6 7.
e3 Na5 8. Rc1 Bb4 9. Be2 b5 10.
O-O c6 11. Ne5 Bb7 12. Bf3 O-O 13. Ne4 Be7 14. Qc2 Nxe4 15. Bxe7 Qxe7 16. Bxe4 g6 17.
Qc3 Nb3 18. Rcd1 Rac8 19. Rfe1 f6 20. Nf3 Rfd8 21. Bc2 c5 22. Bxb3 cxb3 23. Qxb3 c4 24. Qc2 b4 25. Nd2 c3 26. bxc3 Rxc3 27. Qb2 Bd5 28. Rc1 Rdc8 29. e4 Qc7 30. Rcd1 Bb7 31. Qxb4 a5 32. Qb5 Bc6 33. Qa6 Ra8 34. Qe2 Bxa4 35.
Ra1 Bd7 36. d5 a4 37. Nb1 Rc2 38. Qd3 Qc4 39. Qxc4 Rxc4 40. Nd2 Rd4 41. Nb3 Rb4 42. Nc5 Bc8 43. d6 Ba6 44. Rxa4 Rxa4 45. Nxa4 Rd8 46. Rd1 Kf7 47. f3 e5 48. Nc5 Bb5 49. Rb1 Bc6 50. Rb4 Rxd6 51. Rb8 f5 52. exf5 gxf5 53. Kf2 Rd2+ 54.
Kg3 Rc2 55. Nd3 Ke6 56. Rh8 e4 57. fxe4 Bxe4 58. Nf4+ Ke5 59. Rxh7 Rc3+ 60. Kf2 Kxf4 61. g3+ Ke5 62. Re7+ Kd4 63. Rd7+ Bd5 64. Re7 Rc2+ 65. Re2 Rc1 66. Rb2 Rh1 67. Rd2+ Ke5 68. Ke3 Be4 69. Rb2 Rf1 70. Rb5+ Kf6 71. Rb2 Kg5 72. h3 Rf3+ 73. Kd4 Rxg3 74. Ke5 Rxh3 75. Rb8 Rh6 76. Rg8+ Rg6 77.
Rh8 Kg4 78. Rf8 Rg7 79. Kf6 Ra7 80. Ke5 Ra5+ 81. Kd4 Kf3 0-1

[Event "*** Titled Tuesday Blitz"]
[Site "Chess.com"]
[Date "2020.04.14"]
[Round "2"]
[White "renanreis"]
[Black "XiaoKangZhong"]
[Result "1-0"]
[WhiteElo "2181"]
[BlackElo "2385"]
[TimeControl "180+1"]
[EndTime "10:18:44 PDT"]
[Termination "renanreis won by checkmate"]

1. e4 c6 2. Nf3 d5 3. Nc3 dxe4 4. Nxe4 Nf6 5. Qe2 Nxe4 6. Qxe4 Qd5 7. Qh4 Qe6+ 8. Be2 Qg4 9. Qg3 Qxg3 10. hxg3 g6 11. Ng5 h6 12. Bc4 e6 13. d3 Bg7 14. Ne4 Ke7 15. c3 Nd7 16. Bf4 Ne5 17. O-O-O Nxc4 18. dxc4 e5 19. Be3 Be6 20. Bc5+ Ke8 21. Nd6+ Kf8 22. Nxb7+ Kg8 23. b3 Kh7 24. Be3 a5 25. a4 Bf5 26.
Nd6 Be6 27. Kb2 f5 28. f3 Rhd8 29. Nb7 Rdb8 30. Nc5 Bxc4 31. Rd7 h5 32. g4 f4 33. Bf2 Rxb3+ 34. Nxb3 Rb8 35. gxh5 Rxb3+ 36. Kc2 Ra3 37. h6 Ra2+ 38. Kb1 g5 39. hxg7+ Kg6 40. Rh8 Rxf2 41. g8=Q+ Bxg8 42. Rxg8+ Kf6 43. Rd6+ Ke7 44. Rxc6 Rxg2 45. Rg7+ Kf8 46. Rb7 Rg1+ 47. Kc2 Rg2+ 48. Kd3 e4+ 49.
Kxe4 Re2+ 50. Kf5 Re8 51. Kf6 Rd8 52. Rcc7 Rd6+ 53. Kxg5 Rd8 54. Kxf4 Kg8 55. Kg5 Kf8 56. Rf7+ Kg8 57. Rg7+ Kf8 58. Rbf7+ Ke8 59. Ra7 Kf8 60. Rh7 Kg8 61. Rhd7 Rc8 62. Rxa5 Kf8 63. Raa7 Kg8 64. Kg6 Rc6+ 65. Kg5 Rc8 66. Kg4 Kf8 67. f4 Kg8 68.
f5 Kf8 69. Kg5 Kg8 70. f6 Kf8 71. Kg6 Kg8 72. Rg7+ Kf8 73. Raf7+ Ke8 74. Rg8# 1-0

[Event "*** Titled Tuesday Blitz"]
[Site "Chess.com"]
[Date "2020.04.14"]
[Round "2"]
[White "NM2019"]
[Black "imdvb6307"]
[Result "0-1"]
[WhiteElo "2050"]
[BlackElo "2386"]
[TimeControl "180+1"]
[EndTime "10:18:46 PDT"]
[Termination "imdvb6307 won on time"]

1. e4 Nc6 2. Nf3 d6 3. d4 Nf6 4. Nc3 Bg4 5. Be2 e5 6. Be3 Bxf3 7. Bxf3 exd4 8. Bxd4 Nxd4 9. Qxd4 c6 10. O-O-O Qb6 11. Qxb6 axb6 12. Rhe1 Nd7 13. Be2 b5 14. a3 g6 15. f4 Bh6 16. g3 Ke7 17. Kb1 Bg7 18. Na2 Nc5 19. Bf3 Na4 20. c3 Nb6 21.
e5 dxe5 22. fxe5 Nc4 23. e6 fxe6 24. Bg4 Ne5 25. Bh3 Rad8 26. Kc2 Rxd1 27. Kxd1 Rf8 28.
Re2 Rd8+ 29. Kc2 Rd6 30. Nb4 Nc4 31. Nd3 b6 32. Nf4 e5 33. a4 bxa4 34. Nd3 Kd8 35.
Nf2 Rd5 36. Ne4 Rb5 37. Kc1 Kc7 38. Bg4 h6 39. Bh3 Ra5 40. Rf2 Nd6 41. Nxd6 Kxd6 42.
Rd2+ Rd5 43. Rf2 Ke7 44. Kc2 b5 45. Re2 Rd6 46. Rf2 Rf6 47. Re2 Rd6 48. Rf2 Bf6 49. Re2 Rd5 50. Rf2 Rc5 51. Re2 b4 52. Kd2 a3 53. bxa3 bxc3+ 54. Kc2 Rc4 55. Re3 e4 56. Bg2 Kd6 57. Bxe4 g5 58. Rd3+ Bd4 59. Bg6 Kc5 60. Bf7 Ra4 0-1

[Event "*** Titled Tuesday Blitz"]
[Site "Chess.com"]
[Date "2020.04.14"]
[Round "2"]
[White "Mikhail_Biryukov"]
[Black "theprosecution1"]
[Result "1/2-1/2"]
[WhiteElo "2569"]
[BlackElo "2798"]
[TimeControl "180+1"]
[EndTime "10:18:48 PDT"]
[Termination "Game drawn - insufficient material"]

1. e4 c6 2. d4 d5 3. Nd2 dxe4 4. Nxe4 Nd7 5. Bc4 Ngf6 6. Nxf6+ Nxf6 7. Nf3 Bf5 8. c3 e6 9. O-O Bd6 10. Bg5 O-O 11. Bh4 h6 12. Bg3 Bxg3 13. hxg3 Qc7 14. a4 a5 15. Re1 Rad8 16. Qe2 c5 17. Qe5 Qxe5 18. Rxe5 Nd7 19. Re3 Bg4 20. dxc5 Bxf3 21. gxf3 Nxc5 22. b4 axb4 23. cxb4 Rd4 24. Rc3 Nd7 25.
Bb5 Nb6 26. Rc7 Rb8 27. Rb1 Nd5 28. Rc4 Rxc4 29. Bxc4 Nc3 30. Ra1 Kf8 31. a5 Ke7 32. b5 Kd6 33. a6 bxa6 34. bxa6 Kc5 35. Bf1 Kb6 36. f4 Rc8 37. Re1 Rc7 38. Re5 g6 39.
g4 Nd5 40. f5 gxf5 41. gxf5 Rc6 42. fxe6 fxe6 43. Rh5 Nc7 44. Rxh6 Nxa6 45. Bxa6 Kxa6 46. Kg2 Kb6 47. Kf3 Kc7 48. Ke4 Kd6 49. f4 Rc4+ 50.
Kf3 Rc5 51. Ke4 Ke7 52. Rh7+ Kf6 53. Rh6+ Kf7 54. Rh8 Rc4+ 55. Ke5 Rc5+ 56. Ke4 Rb5 57. Ra8 Kf6 58. Rf8+ Ke7 59. Rh8 Rb4+ 60. Kf3 Rb5 61. Kg4 Kf6 62. Rh6+ Kf7 63. Rh5 Rb1 64. Ra5 Rg1+ 65.
Kf3 Rb1 66. Ke4 Kf6 67. Rh5 Rb4+ 68. Kf3 Ke7 69. Ra5 Rb3+ 70. Kg4 Rb1 71. f5 Rg1+ 72. Kf4 Rf1+ 73. Ke4 Rxf5 74. Rxf5 exf5+ 75. Kxf5 1/2-1/2

[Event "*** Titled Tuesday Blitz"]
[Site "Chess.com"]
[Date "2020.04.14"]
[Round "2"]
[White "Matibar"]
[Black "wild_cat99"]
[Result "0-1"]
[WhiteElo "2745"]
[BlackElo "2548"]
[TimeControl "180+1"]
[EndTime "10:18:49 PDT"]
[Termination "wild_cat99 won on time"]

1. Nf3 Nf6 2. c4 g6 3. g3 Bg7 4. Bg2 O-O 5. O-O d5 6. cxd5 Nxd5 7. Nc3 Nxc3 8. dxc3 c5 9. Be3 Qc7 10. Qd5 Na6 11. Rfd1 Be6 12. Qg5 Rad8 13. Qh4 Bf6 14. Ng5 Bxg5 15. Bxg5 f6 16. Bh6 Rfe8 17. Qa4 c4 18.
Qb5 Nc5 19. Bf4 Qb6 20. Qxb6 axb6 21. Bc7 Rxd1+ 22. Rxd1 b5 23. Rd2 Na4 24. Ba5 Rb8 25. Bb4 Kf7 26. f4 h5 27. e4 b6 28. f5 gxf5 29. exf5 Bxf5 30. Bc6 Nc5 31. Bxb5 Ne4 32. Bxc4+ Kg6 33. Rd1 e6 34. a4 Ra8 35.
Bb5 h4 36. g4 Bxg4 37. Bc6 Ra7 38. Bxe4+ f5 39. Rd4 fxe4 40. Rxe4 Kf5 41. Re1 Rxa4 42. Kf2 Ra2 43. Ba3 b5 44. Ke3 e5 45. Rf1+ Ke6 46. Rg1 Bf5 47. Rd1 Bg4 48. Rf1 Bf5 49.
Rd1 Bg4 50. Rd6+ Kf5 51. Rb6 Ra1 52. Rxb5 Re1+ 53. Kd3 Be2+ 54. Kd2 Bxb5 55. Kxe1 Ke4 56. Be7 h3 57. Bd6 Bc4 58. Kd2 Bb3 59. Bb8 Bc4 60.
Kc2 Bd3+ 61. Kb3 Kd5 62. Kb4 Bg6 63. b3 Be8 64. Ba7 Ke4 65. Bb8 Kd5 66. Ka5 Bd7 67. b4 e4 68. Ba7 Kc4 69. Bd4 Be8 0-1

[Event "*** Titled Tuesday Blitz"]
[Site "Chess.com"]
[Date "2020.04.14"]
[Round "2"]
[White "harvsp123"]
[Black "MarcoRiehle"]
[Result "1-0"]
[WhiteElo "2535"]
[BlackElo "2714"]
[TimeControl "180+1"]
[EndTime "10:18:49 PDT"]
[Termination "harvsp123 won by resignation"]

1. e4 e5 2. Nf3 Nf6 3. Nxe5 Nxe4 4. Qe2 Qe7 5. Qxe4 d6 6. d4 dxe5 7. Qxe5 Qxe5+ 8. dxe5 Bf5 9. Nc3 Nc6 10. Bb5 O-O-O 11.
Bxc6 bxc6 12. O-O Bc5 13. Bg5 Rde8 14. Rfe1 h6 15. Be3 Rxe5 16. Bxc5 Rxc5 17. Re2 Rd8 18. Rae1 Bg6 19. f3 Rd4 20. a3 Kb7 21. Kf2 Rh4 22.
h3 Rd4 23. Ke3 Rd6 24. g4 f5 25. Kf4 Rd4+ 26. Ke3 Rd7 27. Kf4 fxg4 28. hxg4 Rc4+ 29. Kg3 Rd6 30. Re7 Bxc2 31. Rxg7 Rd8 32. Ree7 Rc8 33. f4 Rd4 34. f5 Bb3 35. Ne4 Kb6 36. Nf2 Rd2 37.
Rg6 Rxb2 38. Rxh6 Bd5 39. Re3 Kb5 40. Ne4 Bxe4 41. Rxe4 Rb3+ 42. Kf4 Rxa3 43. f6 Ra1 44. Rh5+ Kb6 45. Rf5 a5 46. g5 a4 47. g6 a3 48. f7 a2 49. Rb4+ Ka6 50. Ra4+ Kb6 51. Kg5 Rg1+ 52. Kf6 a1=Q+ 53. Rxa1 Rxa1 54. g7 Raa8 55. Re5 c5 56. Rg5 c4 57. g8=Q Rxg8 58. Rxg8 Ra1 59. f8=Q Rf1+ 60. Ke5 Rxf8 61. Rxf8 Kc5 62. Rc8 c6 63. Ke4 Kb4 64. Rxc6 1-0

[Event "*** Titled Tuesday Blitz"]
[Site "Chess.com"]
[Date "2020.04.14"]
[Round "2"]
[White "LuckIsMySkill"]
[Black "Fighter008"]
[Result "1-0"]
[WhiteElo "2751"]
[BlackElo "2527"]
[TimeControl "180+1"]
[EndTime "10:18:50 PDT"]
[Termination "LuckIsMySkill won on time"]

1. Nf3 Nf6 2. c4 g6 3. g3 Bg7 4.
Bg2 O-O 5. O-O d6 6. Nc3 c6 7. Rb1 e5 8. d3 Re8 9. b4 d5 10.
b5 d4 11. bxc6 Nxc6 12. Nb5 a6 13. Na3 e4 14. Nd2 e3 15. fxe3 dxe3 16. Nf3 Ng4 17. Nc2 h5 18. Bb2 Bh6 19. Ncd4 Bd7 20. Qb3 Rb8 21. Nxc6 Bxc6 22. Qc3 f6 23. h3 Ne5 24. Nxe5 fxe5 25. Bxc6 bxc6 26. c5 Qd5 27. Qa3 Ra8 28.
Bc3 Bf8 29. Qb3 Bxc5 30. Rf3 Rf8 31. Qxd5+ cxd5 32. Rxf8+ Rxf8 33. Bxe5 Rf2 34. Rb2 d4 35. Bf4 Kf7 36. Rc2 Bb6 37. Kh1 Ba5 38. Kg1 Bd2 39.
Rc4 Rxe2 40. Rxd4 Be1 41. Re4 Bf2+ 42. Kg2 Rxa2 43. Kf3 Kf6 44. g4 hxg4+ 45. hxg4 g5 46. Be5+ Kg6 47. Bd4 Rd2 48. Bxe3 Bxe3 49. Kxe3 Ra2 50.
Re6+ Kf7 51. Rb6 a5 52. Ke4 a4 53. Kf5 a3 54. Ra6 Rf2+ 55. Kxg5 a2 56. d4 Ke7 57. Kg6 1-0

[Event "*** Titled Tuesday Blitz"]
[Site "Chess.com"]
[Date "2020.04.14"]
[Round "2"]
[White "LittlePeasant"]
[Black "druskacik"]
[Result "0-1"]
[WhiteElo "2813"]
[BlackElo "2584"]
[TimeControl "180+1"]
[EndTime "10:18:51 PDT"]
[Termination "druskacik won by resignation"]

1. d4 d5 2. c4 e6 3. Nc3 Nf6 4. cxd5 exd5 5. Bg5 c6 6. e3 Bd6 7. Bd3 O-O 8. Qc2 h6 9. Bh4 Re8 10. Nge2 Nbd7 11. h3 Nf8 12. g4 b5 13. a3 a5 14. Rg1 Bd7 15. g5 Nh5 16. Bf5 Bxf5 17.
Qxf5 g6 18. Qg4 Be7 19. Kf1 Kh7 20. Qf3 Kg8 21. gxh6 Bxh4 22. Qxh5 Kh7 23. Qf3 Ra7 24. Nf4 Qf6 25. Qg4 Ne6 26. Nce2 Rae7 27. Rc1 Nxf4 28. Qxf4 Re6 29. Rg4 g5 30. Qxf6 Rxf6 31. Rg2 Rxe3 32. Rc2 Rxh3 33. Kg1 Rhf3 34. Nc3 b4 35. axb4 axb4 36.
Nd1 b3 37. Rd2 Kxh6 38. Ne3 Kg6 39. Ng4 Re6 40. Ne5+ Rxe5 41. dxe5 Kf5 42. Re2 Ke6 43. Rg4 c5 44. Ra4 Rf4 45. Ra6+ Kf5 46. Kg2 c4 47. Rd6 Re4 48. Rxe4 Kxe4 49. Rd7 Kxe5 50. Kf3 f5 51. Rc7 g4+ 52. Ke2 Bg5 53. Rg7 Bf6 54. Rf7 Ke6 55.
Rb7 Bxb2 56. Rb6+ Ke5 57. Rb5 Bd4 58. Rb8 f4 59. Re8+ Kd6 60. f3 gxf3+ 61. Kxf3 Be3 62. Rb8 c3 63. Ke2 c2 64. Rxb3 c1=Q 0-1